| TOP OF THE 1ST |
|
Los Angeles Dodgers batting - Pitching for Houston Astros : LHP Jesus Rios
|
|
Pitching: LHP Jesus Rios
|
|
|
Batting: RHB Billy Sample
|
0-0: Ball 1-0: Foul Ball, location: 2F 1-1: Ball 2-1: DOUBLE (Line Drive, 7LM, EV 101.9 MPH)
|
|
Batting: RHB Carney Lansford
|
0-0: Ball Billy Sample steals 3rd base 1-0: Ball 2-0: DOUBLE (Flyball, 78XD, EV 100.6 MPH) Billy Sample scores
|
|
Batting: RHB Dick Davis
|
0-0: Foul Ball, location: 2F 0-1: Ground out 4-3 (Groundball, 4MD, EV 101.3 MPH) Carney Lansford to third
|
|
Batting: RHB Jerry Keller
|
0-0: Foul Ball, location: 2F 0-1: Swinging Strike 0-2: Ball 1-2: Foul Ball, location: 2F 1-2: Foul Ball, location: 2F 1-2: Ball 2-2: Fly out, F8 (Flyball, 8LM, EV 94.4 MPH) Runner from 3rd tags up, OUT at HOME! 8-2
|
| Top of the 1st over - 1 run, 2 hits, 0 errors, 0 left on base; Los Angeles 1 - Houston 0 |
| BOTTOM OF THE 1ST |
|
Houston Astros batting - Pitching for Los Angeles Dodgers : RHP Mario Soto
|
|
Pitching: RHP Mario Soto
|
|
|
Batting: RHB Julio Franco
|
0-0: Ball 1-0: Ball 2-0: Called Strike 2-1: Ball 3-1: Foul Ball, location: 2F 3-2: Strikes out swinging
|
|
Batting: LHB Jose Cruz
|
0-0: Foul Ball, location: 2F 0-1: Called Strike 0-2: Ball 1-2: Ground out 4-3 (Groundball, 34, EV 83.8 MPH)
|
|
Batting: RHB Zail Smith
|
0-0: Ball 1-0: Ball 2-0: Ball 3-0: Base on Balls
|
|
Batting: LHB Steve Kemp
|
0-0: Ball 1-0: Swinging Strike Passed Ball! Zail Smith to second 1-1: Ball 2-1: Swinging Strike 2-2: Ball 3-2: Fly out, F8 (Line Drive, 8RM, EV 96.3 MPH)
|
| Bottom of the 1st over - 0 runs, 0 hits, 0 errors, 1 left on base; Los Angeles 1 - Houston 0 |
| TOP OF THE 2ND |
|
Los Angeles Dodgers batting - Pitching for Houston Astros : LHP Jesus Rios
|
|
Batting: SHB Spike Owen
|
0-0: Ball 1-0: Ball 2-0: Ground out 5-3 (Groundball, 5, EV 95.6 MPH)
|
|
Batting: RHB Toby Harrah
|
0-0: Called Strike 0-1: Ball 1-1: Ball 2-1: Foul Ball, location: 2F 2-2: Strikes out looking
|
|
Batting: SHB Chris W Smith
|
0-0: Ball 1-0: Ball 2-0: Ground out 6-3 (Groundball, 6, EV 106.9 MPH)
|
| Top of the 2nd over - 0 runs, 0 hits, 0 errors, 0 left on base; Los Angeles 1 - Houston 0 |
| BOTTOM OF THE 2ND |
|
Houston Astros batting - Pitching for Los Angeles Dodgers : RHP Mario Soto
|
|
Batting: SHB Christopher Clark
|
0-0: Called Strike 0-1: Ball 1-1: Foul Ball, location: 2F 1-2: Foul Ball, location: 2F 1-2: Strikes out looking
|
|
Batting: SHB Tom Herr
|
0-0: Swinging Strike 0-1: Fly out, F8 (Line Drive, 8RD, EV 91.9 MPH)
|
|
Batting: RHB Dave Valle
|
0-0: Ball 1-0: Ball 2-0: Called Strike 2-1: Swinging Strike 2-2: Strikes out swinging
|
| Bottom of the 2nd over - 0 runs, 0 hits, 0 errors, 0 left on base; Los Angeles 1 - Houston 0 |
| TOP OF THE 3RD |
|
Los Angeles Dodgers batting - Pitching for Houston Astros : LHP Jesus Rios
|
|
Batting: RHB Dennis Littlejohn
|
0-0: Foul Ball, location: 2F 0-1: SINGLE (Line Drive, 6M, EV 95.6 MPH)
|
|
Batting: RHB Mario Soto
|
0-0: Bunt missed! 0-1: Bunted foul 0-2: Sac Bunt to 2R - play at first, batter OUT! 2-4 Dennis Littlejohn to second
|
|
Batting: RHB Billy Sample
|
0-0: Ball 1-0: Ball 2-0: Ball 3-0: Base on Balls
|
|
Batting: RHB Carney Lansford
|
0-0: Called Strike 0-1: Ball 1-1: Ball 2-1: Ball 3-1: Grounds into double play, 4-6-3 (Groundball, 4, EV 83.8 MPH)
|
| Top of the 3rd over - 0 runs, 1 hit, 0 errors, 1 left on base; Los Angeles 1 - Houston 0 |
| BOTTOM OF THE 3RD |
|
Houston Astros batting - Pitching for Los Angeles Dodgers : RHP Mario Soto
|
|
Batting: RHB Ricky Adams
|
0-0: Called Strike 0-1: Ball 1-1: Ball 2-1: Ball 3-1: Ground out 6-3 (Groundball, 6, EV 85.6 MPH)
|
|
Batting: LHB Jesus Rios
|
0-0: Called Strike 0-1: Swinging Strike 0-2: Ball 1-2: Ball 2-2: Ball 3-2: Strikes out swinging
|
|
Batting: RHB Julio Franco
|
0-0: Ball 1-0: Fly out, F8 (Flyball, 89M, EV 86.3 MPH)
|
| Bottom of the 3rd over - 0 runs, 0 hits, 0 errors, 0 left on base; Los Angeles 1 - Houston 0 |
| TOP OF THE 4TH |
|
Los Angeles Dodgers batting - Pitching for Houston Astros : LHP Jesus Rios
|
|
Batting: RHB Dick Davis
|
0-0: Ball 1-0: Called Strike 1-1: Ground out 4-3 (Groundball, 4, EV 103.8 MPH)
|
|
Batting: RHB Jerry Keller
|
0-0: Ball 1-0: Swinging Strike 1-1: Foul Ball, location: 2F 1-2: Strikes out swinging
|
|
Batting: SHB Spike Owen
|
0-0: Ball 1-0: Called Strike 1-1: Swinging Strike 1-2: Foul Ball, location: 2F 1-2: Foul Ball, location: 2F 1-2: Ball 2-2: Foul Ball, location: 2F 2-2: Fly out, F7 (Flyball, 7D, EV 96.3 MPH)
|
| Top of the 4th over - 0 runs, 0 hits, 0 errors, 0 left on base; Los Angeles 1 - Houston 0 |
| BOTTOM OF THE 4TH |
|
Houston Astros batting - Pitching for Los Angeles Dodgers : RHP Mario Soto
|
|
Batting: LHB Jose Cruz
|
0-0: Ball 1-0: Foul Ball, location: 2F 1-1: Ball 2-1: Fly out, F8 (Line Drive, 8LD, EV 103.1 MPH)
|
|
Batting: RHB Zail Smith
|
0-0: Called Strike 0-1: Ball 1-1: Ball 2-1: Ground out 6-3 (Groundball, 6, EV 105.0 MPH)
|
|
Batting: LHB Steve Kemp
|
0-0: Foul Ball, location: 2F 0-1: Foul Ball, location: 2F 0-2: Ball 1-2: Foul Ball, location: 2F 1-2: Ball 2-2: Foul Ball, location: 2F 2-2: Ball 3-2: Foul Ball, location: 2F 3-2: Base on Balls
|
|
Batting: SHB Christopher Clark
|
0-0: Called Strike 0-1: Foul Ball, location: 2F 0-2: Ball 1-2: Ball 2-2: 2-RUN HOME RUN (Flyball, 9D, EV 91.9 MPH), Distance : 385 ft
|
|
Batting: SHB Tom Herr
|
0-0: Ground out U3 (Groundball, 3L, EV 105.6 MPH)
|
| Bottom of the 4th over - 2 runs, 1 hit, 0 errors, 0 left on base; Los Angeles 1 - Houston 2 |
| TOP OF THE 5TH |
|
Los Angeles Dodgers batting - Pitching for Houston Astros : LHP Jesus Rios
|
|
Batting: RHB Toby Harrah
|
0-0: Ball 1-0: Ball 2-0: Called Strike 2-1: Fly out, F8 (Flyball, 8RD, EV 91.3 MPH)
|
|
Batting: SHB Chris W Smith
|
0-0: SINGLE (Line Drive, 34D, EV 96.3 MPH)
|
|
Batting: RHB Dennis Littlejohn
|
0-0: Ball 1-0: 2-RUN HOME RUN (Flyball, 7D, EV 88.1 MPH), Distance : 369 ft
|
|
Batting: RHB Mario Soto
|
0-0: Called Strike 0-1: Called Strike 0-2: Strikes out swinging
|
|
Batting: RHB Billy Sample
|
0-0: Ball 1-0: Ground out 1-3 (Groundball, 34S, EV 68.1 MPH)
|
| Top of the 5th over - 2 runs, 2 hits, 0 errors, 0 left on base; Los Angeles 3 - Houston 2 |
| BOTTOM OF THE 5TH |
|
Houston Astros batting - Pitching for Los Angeles Dodgers : RHP Mario Soto
|
|
Batting: RHB Dave Valle
|
0-0: Ball 1-0: Ground out 4-3 (Groundball, 4M, EV 101.3 MPH)
|
|
Batting: RHB Ricky Adams
|
0-0: Called Strike 0-1: Foul Ball, location: 2F 0-2: Strikes out swinging
|
|
Batting: LHB Jesus Rios
|
0-0: Swinging Strike 0-1: Ball 1-1: Swinging Strike 1-2: Strikes out swinging
|
| Bottom of the 5th over - 0 runs, 0 hits, 0 errors, 0 left on base; Los Angeles 3 - Houston 2 |
| TOP OF THE 6TH |
|
Los Angeles Dodgers batting - Pitching for Houston Astros : LHP Jesus Rios
|
|
Batting: RHB Carney Lansford
|
0-0: Ball 1-0: Called Strike 1-1: Called Strike 1-2: Ball 2-2: Fly out, F9 (Flyball, 9S, EV 89.4 MPH)
|
|
Batting: RHB Dick Davis
|
0-0: Ball 1-0: Foul Ball, location: 2F 1-1: Foul Ball, location: 2F 1-2: Ball 2-2: Ball 3-2: Ground out 6-3 (Groundball, 6, EV 104.4 MPH)
|
|
Batting: RHB Jerry Keller
|
0-0: Ground out 1-3 (Groundball, 34S, EV 69.4 MPH)
|
| Top of the 6th over - 0 runs, 0 hits, 0 errors, 0 left on base; Los Angeles 3 - Houston 2 |
| BOTTOM OF THE 6TH |
|
Houston Astros batting - Pitching for Los Angeles Dodgers : RHP Mario Soto
|
|
Batting: RHB Julio Franco
|
0-0: Called Strike 0-1: Fly out, F9 (Line Drive, 9, EV 91.3 MPH)
|
|
Batting: LHB Jose Cruz
|
0-0: Ball 1-0: Fly out, F7 (Flyball, 7, EV 75.0 MPH)
|
|
Batting: RHB Zail Smith
|
0-0: Called Strike 0-1: Ground out 6-3 (Groundball, 6, EV 99.4 MPH)
|
| Bottom of the 6th over - 0 runs, 0 hits, 0 errors, 0 left on base; Los Angeles 3 - Houston 2 |
| TOP OF THE 7TH |
|
Los Angeles Dodgers batting - Pitching for Houston Astros : LHP Jesus Rios
|
|
Batting: SHB Spike Owen
|
0-0: Called Strike 0-1: Ball 1-1: SINGLE (Groundball, 6MS, EV 68.1 MPH) (infield hit)
|
|
Batting: RHB Toby Harrah
|
0-0: Ball 1-0: Called Strike 1-1: Ball 2-1: SINGLE (Flyball, 34D, EV 91.9 MPH) Spike Owen to second Runner from 2nd tries for 3rd, OUT! 9-5
|
|
Batting: SHB Chris W Smith
|
0-0: SINGLE (Line Drive, 9S, EV 106.3 MPH) Toby Harrah to second Toby Harrah to third
|
|
Batting: RHB Dennis Littlejohn
|
0-0: Ball 1-0: Grounds into double play, 6-4-3 (Groundball, 6, EV 81.3 MPH)
|
| Top of the 7th over - 0 runs, 3 hits, 0 errors, 1 left on base; Los Angeles 3 - Houston 2 |
| BOTTOM OF THE 7TH |
|
Houston Astros batting - Pitching for Los Angeles Dodgers : RHP Mario Soto
|
|
Batting: LHB Steve Kemp
|
0-0: Called Strike 0-1: Swinging Strike 0-2: Ball 1-2: Strikes out swinging
|
|
Batting: SHB Christopher Clark
|
0-0: Called Strike 0-1: Swinging Strike 0-2: Ball 1-2: Ball 2-2: Strikes out looking
|
|
Batting: SHB Tom Herr
|
0-0: Ball 1-0: Fly out, F5 (Line Drive, 5, EV 66.3 MPH)
|
| Bottom of the 7th over - 0 runs, 0 hits, 0 errors, 0 left on base; Los Angeles 3 - Houston 2 |
| TOP OF THE 8TH |
|
Los Angeles Dodgers batting - Pitching for Houston Astros : LHP Jesus Rios
|
|
Pinch Hitting: RHB Mike Shelton
|
0-0: Foul Ball, location: 2F 0-1: SINGLE (Groundball, 6D, EV 103.8 MPH)
|
|
Batting: RHB Billy Sample
|
0-0: Foul Ball, location: 2F 0-1: Ball Wild Pitch! Mike Shelton to second 1-1: Foul Ball, location: 2F 1-2: Ground out 5-3 (Groundball, 56, EV 109.4 MPH)
|
|
Batting: RHB Carney Lansford
|
0-0: Ball 1-0: Ball 2-0: Called Strike 2-1: Reached on error, E4 (Groundball, 4, EV 101.3 MPH) Mike Shelton to third
|
|
Batting: RHB Dick Davis
|
0-0: Ball 1-0: Ball 2-0: Ball 3-0: Fly out, F9 (Line Drive, 9, EV 90.0 MPH) Throwing error, E9 Mike Shelton scores Carney Lansford to second
|
|
Batting: RHB Jerry Keller
|
0-0: Foul Ball, location: 2F 0-1: Ball 1-1: Swinging Strike 1-2: Foul Ball, location: 2F 1-2: Foul Ball, location: 2F 1-2: Reached on error, E9 (Flyball, 9, EV 93.1 MPH) Carney Lansford scores
|
|
Batting: SHB Spike Owen
|
0-0: Foul Ball, location: 2F 0-1: Fly out, F4 (Flyball, 34D, EV 78.8 MPH)
|
| Top of the 8th over - 2 runs, 1 hit, 3 errors, 1 left on base; Los Angeles 5 - Houston 2 |
| BOTTOM OF THE 8TH |
|
Houston Astros batting - Pitching for Los Angeles Dodgers : RHP Mario Soto
|
|
Pitching: RHP Steve Foucault
|
|
|
Now at SS: Damaso Garcia
|
|
|
Batting: RHB Dave Valle
|
0-0: Ball 1-0: Ball 2-0: Swinging Strike 2-1: Fly out, F3 (Popup, 3S, EV 65.6 MPH)
|
|
Batting: RHB Ricky Adams
|
0-0: Swinging Strike 0-1: SINGLE (Line Drive, 56D, EV 100.0 MPH)
|
|
Pinch Hitting: LHB George Vukovich
|
0-0: Called Strike 0-1: Ball 1-1: Ball 2-1: DOUBLE (Line Drive, 78M, EV 105.0 MPH) Ricky Adams to third Runner from 3rd tries for Home, SAFE, throw by LF to home
|
|
Batting: RHB Julio Franco
|
0-0: Called Strike 0-1: Called Strike 0-2: Fly out, F9 (Flyball, 9LM, EV 90.6 MPH)
|
|
Batting: LHB Jose Cruz
|
0-0: Foul Ball, location: 2F 0-1: SINGLE (Groundball, 3D, EV 108.8 MPH) George Vukovich to third Runner from 3rd tries for Home, SAFE, throw by RF to home
|
|
Batting: RHB Zail Smith
|
0-0: Ground out 6-3 (Groundball, 56S, EV 90.0 MPH)
|
| Bottom of the 8th over - 2 runs, 3 hits, 0 errors, 1 left on base; Los Angeles 5 - Houston 4 |
| TOP OF THE 9TH |
|
Los Angeles Dodgers batting - Pitching for Houston Astros : LHP Jesus Rios
|
|
Pitching: LHP Mike Caldwell
|
|
|
Batting: RHB Toby Harrah
|
0-0: Ball 1-0: Ball 2-0: Called Strike 2-1: Ball 3-1: Foul Ball, location: 2F 3-2: Foul Ball, location: 2F 3-2: Foul Ball, location: 2F 3-2: SINGLE (Flyball, 6MD, EV 85.6 MPH)
|
|
Batting: SHB Chris W Smith
|
0-0: Called Strike 0-1: Reached on error, E6 (Groundball, 6M, EV 82.5 MPH) Toby Harrah to second
|
|
Batting: RHB Dennis Littlejohn
|
0-0: Ball 1-0: Ball 2-0: Called Strike 2-1: Foul Ball, location: 2F 2-2: Fly out, F8 (Flyball, 8LM, EV 93.8 MPH)
|
|
Batting: RHB Damaso Garcia
|
0-0: Ball 1-0: Fly out, F4 (Flyball, 34D, EV 78.8 MPH)
|
|
Batting: RHB Billy Sample
|
0-0: Called Strike 0-1: Ball 1-1: Ball 2-1: Swinging Strike 2-2: Strikes out swinging
|
| Top of the 9th over - 0 runs, 1 hit, 1 error, 2 left on base; Los Angeles 5 - Houston 4 |
| BOTTOM OF THE 9TH |
|
Houston Astros batting - Pitching for Los Angeles Dodgers : RHP Steve Foucault
|
|
Now in LF: Ronald Jackson
|
|
|
Batting: LHB Steve Kemp
|
0-0: Called Strike 0-1: Swinging Strike 0-2: Ground out 4-3 (Groundball, 4, EV 105.6 MPH)
|
|
Batting: SHB Christopher Clark
|
0-0: Ball 1-0: Ball 2-0: Fly out, F7 (Flyball, 78S, EV 81.9 MPH)
|
|
Batting: SHB Tom Herr
|
0-0: Called Strike 0-1: Ball 1-1: Ball 2-1: Ball 3-1: Base on Balls
|
|
Batting: RHB Dave Valle
|
0-0: Ball 1-0: Called Strike 1-1: Ball 2-1: Hit by Pitch Tom Herr to second
|
|
Pitching: LHP Rod Scurry
|
|
|
Batting: RHB Ricky Adams
|
0-0: Called Strike 0-1: Ball 1-1: Swinging Strike 1-2: Strikes out swinging
|
| Bottom of the 9th over - 0 runs, 0 hits, 0 errors, 2 left on base; Los Angeles 5 - Houston 4 |
|